 Dungeon Crawl Stone Soup version 0.20-a0-463-g5747544 (webtiles) character file.

71789 PurpleRed the Ripper (level 14, -2/64 HPs)
             Began as a Felid Venom Mage on Jan 9, 2017.
             Was the Champion of Okawaru.
             Slain by a nagaraja
             ... wielding a +0 club
              (4 damage)
             ... on level 1 of the Snake Pit on Jan 10, 2017.
             The game lasted 03:32:24 (45174 turns).

PurpleRed the Ripper (Felid Venom Mage)            Turns: 45174, Time: 03:32:25

Health: -2/64      AC:  3    Str: 11    XL:     14   Next: 99%
Magic:  21/22      EV: 35    Int: 17    God:    Okawaru [******]
Gold:   2362       SH:  0    Dex: 28    Spells: 3/23 levels left
                                        Lives:  0   Deaths: 2

rFire  + . .     SeeInvis +       - Unarmed
rCold  + . .     Gourm    .     (armour unavailable)
rNeg   . . .     Faith    +     (shield unavailable)
rPois  .         Spirit   .     (helmet unavailable)
rElec  .         Reflect  .     (cloak unavailable)
rCorr  .         Harm     .     (gloves unavailable)
MR     +++..     NoTele   +     (boots unavailable)
Stlth  +++++++...               W - amulet "Rothrew" {Faith -Tele Fragile rF+ Dex+4}
                                v - +3 ring of dexterity
                                d - ring of protection from magic

@: mighty, heroism, constricted, studying Ice Magic, quick
A: no armour, no weapons or thrown items, stealth, claws 1, fangs 3, see
invisible, carnivore 3, speed 1, shaggy fur 3, slow metabolism 1, sharp paws
a: Heroism, Finesse, Renounce Religion


You were on level 1 of the Snake Pit.
You worshipped Okawaru.
Okawaru was exalted by your worship.
You were full.

You visited 6 branches of the dungeon, and saw 26 of its levels.
You also visited: Ossuary, Ice Cave and Volcano.

You collected 2889 gold pieces.
You spent 527 gold pieces at shops.

Inventory:

Jewellery
 d - a ring of protection from magic (left paw)
 t - an uncursed ring of protection from cold
 u - an uncursed ring of positive energy
 v - a +3 ring of dexterity (right paw)
 z - a cursed amulet of regeneration
 P - a +4 ring of intelligence
 T - an uncursed ring of fire
 W - the amulet "Rothrew" (around neck) {Faith -Tele Fragile rF+ Dex+4}
   (You acquired it on level 4 of the Lair of Beasts)

   [amulet of faith]

   It allows you to gain divine favour quickly.
   It affects your dexterity (+4).
   It protects you from fire.
   It prevents most forms of teleportation.
   It will be destroyed if unequipped.
Wands
 o - a wand of lightning (7/15)
 y - a wand of paralysis (6/24)
 F - a wand of iceblast (7/15)
 H - a wand of digging (10/24)
 M - a wand of lightning (4/15)
 N - a wand of paralysis (7/24)
 O - a wand of disintegration (8/24)
 Y - a wand of iceblast (5/15)
Scrolls
 a - 2 scrolls of identify
 e - 15 scrolls of remove curse
 j - 5 scrolls of fear
 l - 6 scrolls of blinking
 q - 7 scrolls of amnesia
 r - a scroll of fog
 s - 8 scrolls of teleportation
 w - 4 scrolls of immolation
 Q - 6 scrolls of magic mapping
Potions
 c - 7 potions of curing
 g - 4 potions of magic
 h - a potion of cancellation
 i - 2 potions of lignification
 k - 11 potions of might
 n - 7 potions of brilliance
 x - a potion of resistance
 A - 4 potions of agility
 B - a potion of ambrosia
 E - 5 potions of haste
 G - 3 potions of flight
Books
 C - Kynnyo's Grimoire of Curses
   (You acquired it on level 13 of the Dungeon)

   Spells                             Type                      Level
   a - Summon Guardian Golem          Hexes/Summoning              3
   b - Summon Mana Viper              Hexes/Summoning              5
   c - Metabolic Englaciation         Hexes/Ice                    5
   d - Yara's Violent Unravelling     Hexes/Transmutation          5
   e - Darkness                       Hexes                        6
   f - Invisibility                   Hexes                        6
   g - Discord                        Hexes                        8
 R - a manual of Ice Magic
 S - a manual of Ice Magic
 Z - a book of Cantrips

   Spells                             Type                      Level
   a - Confusing Touch                Hexes                        1
   b - Animate Skeleton               Necromancy                   1
   c - Summon Small Mammal            Summoning                    1
   d - Apportation                    Translocation                1
Comestibles
 b - 7 meat rations
 f - 12 royal jellies
 p - 3 beef jerkies
 J - 2 slices of pizza


   Skills:
 - Level 9.0(14.0) Fighting
 - Level 13.0(18.0) Dodging
 - Level 10.5(15.5) Stealth
 - Level 19.5(24.5) Unarmed Combat
 - Level 5.0 Spellcasting
 - Level 3.0 Conjurations
 - Level 7.5 Hexes
 - Level 14.0 Transmutations
 + Level 5.3 Earth Magic
 - Level 3.0 Poison Magic
 - Level 4.5 Invocations


You had 3 spell levels left.
You knew the following spells:

 Your Spells              Type           Power        Failure   Level  Hunger
a - Sting                 Conj/Pois      ##..         4%          1    None
b - Poisonous Vapours     Pois/Air       #.....       14%         2    #......
c - Mephitic Cloud        Conj/Pois/Air  ##......     21%         3    ###....
d - Repel Missiles        Chrm/Air       #.....       24%         2    #......
e - Confusing Touch       Hex            ####..       1%          1    None
f - Statue Form           Tmut/Erth      #####....    50%         6    #######
g - Blade Hands           Tmut           ######....   1%          5    ######.


Dungeon Overview and Level Annotations

Branches:
Dungeon (15/15)            Temple (1/1) D:7            Lair (6/6) D:9
  Swamp (0/4) Lair:2        Snake (1/4) Lair:2        Slime (0/5) Lair:5
    Orc (2/2) D:11            Elf (1/3) Orc:2        Vaults (0/5) D:13
 Depths (0/5) D:15

Altars:
Ashenzari
Cheibriados
Dithmenos
Elyvilon
Fedhas
Gozag
Hepliaklqana
Kikubaaqudgha
Makhleb
Nemelex Xobeh
Okawaru
Qazlal
Ru
Sif Muna
Trog
Uskayaw
Vehumet
Xom
Yredelemnul
Zin
The Shining One
Jiyva

Shops:
D:4 *   D:13 ?!!   Orc:2 (:*[


Innate Abilities, Weirdness & Mutations

You cannot wear armour.
You are incapable of wielding weapons or throwing items.
Your paws allow you to move quietly. (Stealth)
You have sharp claws.
You have razor-sharp teeth.
You have supernaturally acute eyesight. (SInv)
You are carnivorous and can eat meat at any time.
You cover ground quickly.
Your thick and shaggy fur keeps you warm. (AC +3, rC+)
You have a slow metabolism.
Your sharp claws are effective at attacking unaware monsters.


Message History

The splash of poison hits you!
You are poisoned.
* * * LOW HITPOINT WARNING * * *
x2 The nagaraja constricts you.
You feel better.
The nagaraja casts a spell.
The nagaraja seems to speed up.
* * * LOW HITPOINT WARNING * * *
The nagaraja constricts you.
You feel better. The nagaraja barely misses you.
* * * LOW HITPOINT WARNING * * *
The nagaraja constricts you.
Unknown command.
You feel better. The nagaraja closely misses you.
* * * LOW HITPOINT WARNING * * *
The nagaraja constricts you.
You feel better. The nagaraja hits you with a club!!
* * * LOW HITPOINT WARNING * * *
x2 The nagaraja constricts you.
The nagaraja misses you.
You die...

###.......##..##........##...
###.###..#.##.....##...#...
#.# #....#......#........ #.#
###.###.....#...##### ###
#...#...##......#
#..##.#..####..##
#..#..#.....####
##.#..#..#.....
###@##..#..... #.N#...# .##.
######## #


You could see a nagaraja.

Vanquished Creatures
  Frances (D:13)
  A deep elf sorcerer (Elf:1)
  A nagaraja (Snake:1)
  An orc warlord (Orc:2)
  A juggernaut skeleton (D:15)
  3 ghouls (D:13)
  Snorg (Orc:1)
  An ogre mage (Volcano)
  A fire dragon (Lair:6)
  The ghost of bombasticus the Carver, a journeyman MiBe of Trog (D:12)
  A rakshasa (D:15)
  Josephine (D:15)
  The ghost of Raine357 the Fighter, a journeyman FoAK of Lugonu (D:12)
  8 hydras
  A naga warrior (Snake:1)
  3 anacondas (Snake:1)
  3 dancing weapons
  7 centaur warriors
  A catoblepas (Lair:5)
  14 two-headed ogres
  A tengu warrior (D:14)
  3 orc high priests (Orc:2)
  A naga sharpshooter (Snake:1)
  Nergalle (Lair:1)
  A hell knight (Volcano)
  10 skeletal warriors
  A golden dragon zombie (D:15)
  3 unseen horrors
  A lindwurm (Lair:6)
  A naga ritualist (Snake:1)
  A flayed ghost (D:15)
  9 orc knights
  8 deep elf magi (Elf:1)
  7 mana vipers (Snake:1)
  2 necromancers
  6 orc sorcerers
  12 ugly things (D:14)
  5 cyclopes
  6 elephants (Lair:4)
  7 naga magi (Snake:1)
  10 black mambas
  Joseph (D:8)
  An ice statue (IceCv)
  A torpor snail (Lair:1)
  3 guardian serpents (Snake:1)
  10 spiny frogs
  5 molten gargoyles
  3 gargoyles
  A kobold demonologist (D:15)
  Psyche (D:8)
  11 freezing wraiths
  3 rime drakes
  8 komodo dragons
  An elf zombie (D:15)
  2 efreet (D:15)
  A tengu conjurer (D:14)
  3 meliai (D:14)
  12 trolls
  A merfolk (shapeshifter) (D:15)
  A hornet (D:9)
  13 blink frogs
  A wolf spider simulacrum (IceCv)
  Grinder (D:4)
  Prince Ribbit (D:5)
  A harpy skeleton (D:15)
  13 hippogriffs
  A meliai zombie (D:13)
  11 dream sheep
  3 wyverns
  20 yaks
  5 wraiths (D:15)
  2 shadows
  A spriggan skeleton (D:15)
  3 vampires
  10 basilisks
  7 hungry ghosts
  Eustachio (D:5)
  4 vampire mosquitoes (D:15)
  2 steam dragons
  4 wargs
  A death yak simulacrum (IceCv)
  A harpy simulacrum (D:14)
  7 nagas
  2 soldier ants
  A two-headed ogre zombie (D:11)
  4 hell hounds (Lair:6)
  Edmund (D:5)
  Duvessa (D:5)
  18 water moccasins
  11 porcupines
  3 floating eyes (D:12)
  41 orc warriors
  3 black bears
  7 necrophages
  3 sky beasts
  3 phantoms
  11 ice beasts
  2 hornet zombies
  15 ogres
  An eye of draining (D:11)
  15 wolves
  13 crocodiles
  31 centaurs
  3 big kobolds
  Blork the orc (D:5)
  17 bullfrogs
  Dowan (D:5)
  A wyvern zombie (D:13)
  2 troll zombies (D:11)
  3 scorpions
  25 killer bees
  A wight (D:11)
  2 electric eels (Lair:3)
  5 howler monkeys
  5 lava snakes (Lair:6)
  12 crimson imps
  10 jellies
  A draconian simulacrum (IceCv)
  A quasit (D:8)
  27 orc priests
  11 centaur zombies
  9 hounds
  5 bullfrog zombies
  6 centaur skeletons
  34 orc wizards
  Terence (D:3)
  4 bullfrog skeletons
  7 iguanas
  10 worker ants
  2 hell rats (Lair:3)
  2 polar bear simulacra (IceCv)
  2 spriggan simulacra (IceCv)
  4 troll simulacra (IceCv)
  A big kobold zombie (Ossuary)
  5 ogre zombies (D:11)
  5 centaur simulacra (IceCv)
  A hound skeleton (D:7)
  13 mummies
  2 worker ant zombies
  Robin (D:4)
  4 gnolls (D:3)
  2 howler monkey skeletons
  16 adders
  6 naga simulacra (IceCv)
  2 ogre simulacra (IceCv)
  7 river rats (Lair:3)
  5 shadow imps
  24 white imps
  3 adder zombies
  6 oozes
  An adder skeleton (D:9)
  10 worms
  A dart slug (D:1)
  3 leopard geckos
  103 orcs
  7 bats
  4 giant cockroaches
  17 goblins
  9 hobgoblins
  10 jackals
  15 kobolds
  5 ball pythons
  7 frilled lizards
  2 goblin skeletons
  4 goblin zombies (D:11)
  3 hobgoblin zombies
  4 kobold zombies (Ossuary)
  A leopard gecko skeleton (D:9)
  3 orc skeletons (D:11)
  16 orc zombies
  2 quokka skeletons
  2 quokka zombies
  17 rats
1079 creatures vanquished.

Vanquished Creatures (others)
  An orc warrior (Orc:2)
  A sky beast (D:14)
  2 orcs (Orc:2)
  A bush (Lair:6)
  22 fungi
  5 plants
  A withered plant (D:15)
33 creatures vanquished.

Grand Total: 1112 creatures vanquished

Notes
Turn   | Place    | Note
-------+----------+-------------------------------------------
     0 | D:1      | PurpleRed the Felid Venom Mage began the quest for the Orb.
     0 | D:1      | Reached XP level 1. HP: 7/7 MP: 4/4
   197 | D:1      | Reached skill level 1 in Unarmed Combat
   487 | D:1      | Reached XP level 2. HP: 10/11 MP: 1/6
   570 | D:1      | Reached skill level 2 in Unarmed Combat
   868 | D:1      | Learned a level 2 spell: Poisonous Vapours
  1136 | D:1      | Reached XP level 3. HP: 14/14 MP: 0/7
  1353 | D:1      | Learned a level 3 spell: Mephitic Cloud
  1375 | D:2      | Reached skill level 1 in Conjurations
  1390 | D:2      | Reached skill level 3 in Unarmed Combat
  2107 | D:2      | Reached XP level 4. HP: 18/18 MP: 3/8
  2260 | D:2      | Found a shimmering altar of Xom.
  2484 | D:2      | Found an opulent altar of Gozag.
  2910 | D:3      | Found a snail-covered altar of Cheibriados.
  2995 | D:3      | Found a stormy altar of Qazlal.
  2999 | D:3      | Found a sparkling altar of Nemelex Xobeh.
  3053 | D:3      | Noticed Terence
  3065 | D:3      | Reached skill level 4 in Unarmed Combat
  3336 | D:3      | Reached XP level 5. HP: 17/21 MP: 1/9
  4018 | D:3      | Found a burning altar of Makhleb.
  4442 | D:3      | Killed Terence
  4442 | D:3      | Reached skill level 5 in Unarmed Combat
  4595 | D:3      | Gained mutation: You are covered in thick fur. (AC +2) [Felid growth]
  4595 | D:3      | Reached XP level 6. HP: 24/24 MP: 7/10
  5003 | D:4      | Found Zeuskyre's General Store.
  5025 | D:4      | Noticed Robin
  5154 | D:4      | Reached skill level 6 in Unarmed Combat
  5424 | D:4      | Killed Robin
  5424 | D:4      | Reached XP level 7. HP: 27/27 MP: 6/12
  5952 | D:4      | Noticed Grinder
  6029 | D:4      | Paralysed by Grinder for 2 turns
  6041 | D:4      | Killed Grinder
  6041 | D:4      | Reached skill level 7 in Unarmed Combat
  6206 | D:5      | Entered Level 5 of the Dungeon
  6207 | D:5      | Noticed Blork the orc
  6227 | D:5      | Killed Blork the orc
  6436 | D:5      | Reached XP level 8. HP: 28/31 MP: 9/14
  6509 | D:5      | Noticed Prince Ribbit
  6538 | D:5      | Reached skill level 8 in Unarmed Combat
  6548 | D:5      | Killed Prince Ribbit
  6881 | D:5      | Noticed Duvessa
  6883 | D:5      | Noticed Dowan
  6918 | D:4      | Bought a wand of lightning (9/15) for 143 gold pieces
  7066 | D:4      | Reached skill level 9 in Unarmed Combat
  7146 | D:5      | Killed Duvessa
  7148 | D:5      | Killed Dowan
  7188 | D:5      | Noticed Eustachio
  7199 | D:5      | Killed Eustachio
  7209 | D:5      | Reached skill level 5 in Spellcasting
  7245 | D:5      | Reached XP level 9. HP: 28/34 MP: 7/17
  7747 | D:5      | Found a white marble altar of Elyvilon.
  7896 | D:5      | Reached skill level 10 in Unarmed Combat
  8087 | D:5      | Noticed Edmund
  8104 | D:5      | Killed Edmund
  9249 | D:7      | Reached skill level 5 in Dodging
  9280 | D:7      | Found a staircase to the Ecumenical Temple.
  9291 | Temple   | Entered the Ecumenical Temple
  9334 | Temple   | Became a worshipper of Warmaster Okawaru
  9599 | D:7      | Found a sand-covered staircase.
  9609 | Ossuary  | Entered an ossuary
  9663 | Ossuary  | Reached skill level 11 in Unarmed Combat
 11407 | D:8      | Reached * piety under Okawaru
 11461 | D:8      | Reached XP level 10. HP: 37/37 MP: 15/18
 11524 | D:8      | Noticed Joseph
 11525 | D:8      | You fall through a shaft for 2 floors!
 11525 | D:10     | Entered Level 10 of the Dungeon
 11585 | D:8      | Noticed Psyche
 11595 | D:8      | Killed Psyche
 11719 | D:9      | Found a staircase to the Lair.
 11741 | D:8      | Killed Joseph
 11741 | D:8      | Reached skill level 12 in Unarmed Combat
 12141 | D:8      | Reached ** piety under Okawaru
 12508 | D:9      | Upgraded the game from 0.20-a0-454-g2b43fbb to 0.20-a0-458-gbddc754
 12912 | D:9      | Found an ancient bone altar of Kikubaaqudgha.
 13647 | D:9      | Reached skill level 13 in Unarmed Combat
 13929 | D:9      | Reached *** piety under Okawaru
 14370 | D:9      | Reached XP level 11. HP: 39/39 MP: 7/19
 14663 | D:9      | Noticed a two-headed ogre
 14708 | D:9      | Killed a two-headed ogre
 14708 | D:9      | Reached **** piety under Okawaru
 14708 | D:9      | Reached skill level 10 in Dodging
 15211 | D:10     | Reached skill level 14 in Unarmed Combat
 15324 | D:9      | Reached skill level 1 in Invocations
 16069 | D:10     | Noticed a two-headed ogre
 16114 | D:10     | Killed a two-headed ogre
 16251 | D:10     | Reached ***** piety under Okawaru
 16334 | D:10     | Noticed a two-headed ogre
 16365 | D:10     | Killed a two-headed ogre
 16377 | D:10     | Noticed a two-headed ogre
 16401 | D:10     | Killed a two-headed ogre
 16794 | D:10     | Noticed a two-headed ogre
 16819 | D:10     | Killed a two-headed ogre
 17028 | D:11     | Noticed a two-headed ogre
 17052 | D:11     | Killed a two-headed ogre
 17052 | D:11     | Reached skill level 15 in Unarmed Combat
 17383 | D:11     | Found a frozen archway.
 17402 | D:11     | Reached skill level 1 in Fighting
 17418 | D:11     | Reached ****** piety under Okawaru
 17568 | IceCv    | Entered an ice cave
 17836 | IceCv    | Gained mutation: Your thick and shaggy fur keeps you warm. (AC +3, rC+) [Felid growth]
 17836 | IceCv    | Reached XP level 12. HP: 46/46 MP: 20/20
 19115 | IceCv    | Found an ancient bone altar of Kikubaaqudgha.
 19359 | IceCv    | Reached skill level 16 in Unarmed Combat
 20309 | D:11     | Found a staircase to the Orcish Mines.
 20959 | D:12     | Noticed a two-headed ogre
 20963 | D:12     | Killed a two-headed ogre
 21052 | D:12     | Noticed Raine357's ghost (journeyman FoAK)
 21165 | D:12     | Killed Raine357's ghost
 21165 | D:12     | Reached skill level 5 in Fighting
 21174 | D:12     | Noticed a two-headed ogre
 21397 | D:12     | Paralysed by a floating eye for 4 turns
 21737 | D:12     | Paralysed by a floating eye for 2 turns
 21740 | D:12     | Noticed bombasticus's ghost (journeyman MiBe)
 21899 | D:12     | Paralysed by a floating eye for 3 turns
 22029 | D:12     | Killed a two-headed ogre
 22029 | D:12     | Reached skill level 17 in Unarmed Combat
 22157 | D:12     | Killed bombasticus's ghost
 22192 | D:12     | Learned a level 2 spell: Repel Missiles
 22199 | D:12     | Reached XP level 13. HP: 54/56 MP: 14/21
 22810 | D:13     | Noticed a ghoul
 23343 | Lair:1   | Entered Level 1 of the Lair of Beasts
 24375 | Lair:1   | Noticed Nergalle
 24467 | Lair:1   | Killed Nergalle
 24762 | Lair:1   | Reached skill level 5 in Stealth
 24803 | Lair:2   | Found a staircase to the Snake Pit.
 24833 | Lair:2   | Found a staircase to the Swamp.
 28193 | Lair:4   | Identified 2 scrolls of acquirement
 28194 | Lair:4   | Got a scorched copper amulet
 28195 | Lair:4   | Identified the amulet "Rothrew" {Faith -Tele Fragile rF+ Dex+4} (You acquired it on level 4 of the Lair of Beasts)
 28328 | Lair:4   | Learned a level 1 spell: Confusing Touch
 28634 | Lair:4   | Reached skill level 1 in Hexes
 29134 | Lair:5   | Reached skill level 18 in Unarmed Combat
 29150 | Lair:5   | Reached XP level 14. HP: 51/64 MP: 18/22
 29234 | Lair:5   | Found a staircase to the Slime Pits.
 29242 | Lair:5   | Found a viscous altar of Jiyva.
 30037 | Lair:6   | Entered Level 6 of the Lair of Beasts
 30347 | Lair:6   | Learned a level 6 spell: Statue Form
 30966 | Lair:6   | Reached skill level 10 in Stealth
 32085 | Lair:6   | Found a large runed door.
 32194 | Lair:6   | Found a large runed door.
 32879 | Orc:1    | Entered Level 1 of the Orcish Mines
 33004 | Orc:1    | Found a dark tunnel.
 33015 | Volcano  | Entered a volcano
 33054 | Volcano  | Found a bloodstained altar of Trog.
 33135 | Volcano  | Reached skill level 19 in Unarmed Combat
 33852 | Orc:1    | Noticed Snorg
 33855 | Orc:1    | Killed Snorg
 33855 | Orc:1    | Reached skill level 1 in Transmutations
 33999 | Orc:2    | Entered Level 2 of the Orcish Mines
 34007 | Orc:2    | Found Tebar's Antique Armour Shop.
 34147 | Orc:2    | Found Heirato's General Store.
 35172 | Orc:2    | Noticed an orc warlord
 35238 | Orc:2    | Gained mutation: You are dopey. (Int -2) [a neqoxec]
 35344 | Orc:1    | Reached XP level 15. HP: 44/67 MP: 15/23
 36181 | Orc:2    | Killed an orc warlord
 36728 | Orc:2    | Found Kirif's Book Emporium.
 37092 | Orc:2    | Found a staircase to the Elven Halls.
 37190 | Orc:2    | Found Biakeplu's Antique Weapon Shop.
 37405 | D:13     | Found Qaal's Distillery.
 37450 | D:13     | Bought a potion of agility for 60 gold pieces
 37450 | D:13     | Bought a potion of agility for 60 gold pieces
 37499 | D:13     | Upgraded the game from 0.20-a0-458-gbddc754 to 0.20-a0-463-g5747544
 37588 | D:13     | Reached skill level 5 in Transmutations
 38020 | D:13     | Found Mugestiu's Magic Scroll Boutique.
 38083 | D:14     | HP: 2/67 [enchanted long sword (14)]
 38425 | D:13     | Found a gate to the Vaults.
 38460 | D:13     | Identified Kynnyo's Grimoire of Curses (You acquired it on level 13 of the Dungeon)
 38494 | D:13     | Noticed Frances
 38529 | D:13     | Killed Frances
 38529 | D:13     | Reached skill level 5 in Hexes
 38669 | D:13     | Learned a level 5 spell: Blade Hands
 38715 | D:13     | Found Eneseq's Distillery.
 38797 | D:13     | Bought a potion of heal wounds for 60 gold pieces
 38797 | D:13     | Bought a potion of might for 48 gold pieces
 38797 | D:13     | Bought a potion of agility for 48 gold pieces
 38856 | D:13     | Bought a scroll of identify for 36 gold pieces
 38858 | D:13     | Bought a scroll of identify for 36 gold pieces
 38860 | D:13     | Bought a scroll of identify for 36 gold pieces
 40184 | D:14     | Reached skill level 10 in Transmutations
 40973 | D:14     | Reached XP level 16. HP: 72/72 MP: 11/24
 40979 | D:14     | Lost mutation: You are dopey. (Int -2) [mutagenic meat]
 41285 | D:15     | Entered Level 15 of the Dungeon
 41524 | D:15     | Noticed Josephine
 41530 | D:15     | Killed Josephine
 42284 | D:15     | Found a staircase to the Depths.
 42821 | D:15     | Reached skill level 1 in Earth Magic
 43126 | Elf:1    | Entered Level 1 of the Elven Halls
 43338 | Elf:1    | Slain by a deep elf knight
 43339 | Elf:1    | Reached XP level 15. HP: -3/67 MP: 22/23
 43532 | Elf:1    | HP: 4/100 [short sword of electrocution (14)]
 43532 | Elf:1    | Mangled by a short sword of electrocution
 43533 | Elf:1    | Reached XP level 14. HP: -13/96 MP: 15/22
 43576 | Elf:1    | Noticed a deep elf sorcerer
 43586 | Elf:1    | Killed a deep elf sorcerer
 43764 | Snake:1  | Entered Level 1 of the Snake Pit
 44642 | Snake:1  | Noticed a nagaraja
 44649 | Snake:1  | Killed a nagaraja
 44649 | Snake:1  | Reached skill level 5 in Earth Magic
 45150 | Snake:1  | Noticed a nagaraja
 45174 | Snake:1  | HP: 2/64 [nagaraja/club (5)]
 45174 | Snake:1  | Slain by a nagaraja

Vault maps used:
D:1:      lightli_arrival_statue_moat
D:2:      lemuel_round_altar, lemuel_doored_altar
D:3:      marbit_many_paths, cheibriados_altar_1,
          amethyst_overflow_temple_binary, portal_sewer_entry_e, uniq_terence
D:4:      serial_shops, nicolae_shop_crystal, first_bread, minmay_misc_feat_chi,
          uniq_grinder, uniq_robin
D:5:      nicolae_overflow_hidden_temple, uniq_edmund, uniq_blork_the_orc,
          uniq_duvessa, uniq_eustachio, uniq_prince_ribbit1
D:7:      serial_glass, glass_columns_a, glass_columns_a,
          lightli_ossuary_entry_decrepit_ruins
D:8:      uniq_joseph, uniq_psyche
D:9:      nicolae_overflow_crystal_walls, lair_entry_dummy,
          hangedman_decor_lopped
D:10:     hangedman_little_slice_of_home
D:11:     zombieorc2_lemuel, portal_ice_cave_entry_imps, stair_cage_line
D:12:     onia_ninara_cookie
D:13:     erik_vaults_1, serial_undead, serial_undead_a, serial_undead_b,
          serial_undead_f, serial_undead_e, serial_undead_a, serial_undead_a,
          serial_undead_d, serial_undead_c, serial_undead_c, serial_undead_d,
          serial_shops, shop_statue, shop_statue, shop_scrolls, uniq_frances
D:14:     lemuel_nasty_fountain
D:15:     gammafunk_depths_entry_grave, statue_in_the_mist_lemuel,
          uniq_josephine
Temple:   cyrus_circular_temple
Lair:1:   uniq_nergalle
Lair:2:   swamp_mist, guppyfry_snake_entry_garden
Lair:3:   kennysheep_rathole, serial_bayou_shore_b, infiniplex_staircase_pool,
          grunt_megastairs_5, serial_bayou_shore_a
Lair:4:   roderic_carrion_pond
Lair:5:   slime_altar_1
Lair:6:   cheibrodos_lair_end_hotspot, kennysheep_basilisk_garden
Snake:1:  nrook_guardian_serpent_double
Orc:1:    nicolae_volcano_entry_lava_flow, uniq_snorg
Orc:2:    grunt_orc_gardens, grunt_orc_garden, grunt_orc_garden,
          grunt_orc_garden, grunt_orc_garden
Elf:1:    serial_shops, nicolae_shop_statue_plus,
          hangedman_elven_crosses_minicolossus, nicolae_elf_big_sculpture_3,
          evilmike_minifort
Ossuary:  ossuary_tomb_3
IceCv:    ice_cave_small_necro
Volcano:  volcano_lake

Skill      XL: |  1  2  3  4  5  6  7  8  9 10 11 12 13 14 15 16 |
---------------+-------------------------------------------------+-----
Unarmed Combat | 1 2 3 4 5 6 7 9 11 13 15 17 18 19 | 19.5
Conjurations   | 1 2 3 |  3.0
Spellcasting   | 3 5 |  5.0
Poison Magic   | 3 |  3.0
Dodging        | 7 9 10 12 13 | 13.0
Invocations    | 4 |  4.5
Fighting       | 2 6 9 |  9.0
Stealth        | 9 10 | 10.5
Hexes          | 2 4 7 |  7.5
Transmutations | 14 10 13 | 14.0
Earth Magic    | 5 2 |  5.3

Action                   |  1- 3 |  4- 6 |  7- 9 | 10-12 | 13-15 | 16-18 || total
-------------------------+-------+-------+-------+-------+-------+-------++-------
Melee: Unarmed           |    24 |    99 |   303 |   797 |  1458 |   249 ||  2930
       Bite              |       |     7 |    32 |    88 |   215 |    35 ||   377
       Punch             |       |     1 |     8 |    54 |   158 |    24 ||   245
 Cast: Sting             |    58 |    50 |     5 |     3 |       |       ||   116
       Poisonous Vapours |    25 |    61 |    98 |   163 |    63 |     5 ||   415
       Mephitic Cloud    |       |     3 |    13 |    39 |   107 |     8 ||   170
       Repel Missiles    |       |       |       |       |     5 |       ||     5
       Blade Hands       |       |       |       |       |    21 |    14 ||    35
       Confusing Touch   |       |       |       |       |    13 |       ||    13
Invok: Heroism           |       |       |       |    22 |    58 |    13 ||    93
       Finesse           |       |       |       |     2 |     1 |       ||     3
Evoke: Wand              |       |       |     5 |    14 |    36 |       ||    55
  Use: Scroll            |       |    10 |    12 |     5 |    20 |     1 ||    48
       Potion            |       |     1 |     1 |     2 |    16 |       ||    20
 Stab: Sleeping          |     1 |     5 |     6 |     8 |    55 |     9 ||    84
       Confused          |       |     3 |    11 |    36 |   108 |     5 ||   163
       Distracted        |       |       |       |     7 |    14 |       ||    21
       Paralysed         |       |       |       |     1 |     1 |       ||     2
  Eat: Chunk             |    12 |    11 |    19 |    48 |    61 |    15 ||   166
Armor: Skin              |     1 |     3 |     4 |    20 |    22 |     3 ||    53
Dodge: Dodged            |    29 |    69 |   156 |   659 |  1024 |   218 ||  2155
       Deflected         |       |       |       |       |    11 |     2 ||    13
